 Dungeon Crawl Stone Soup version 0.23-a0-537-g04293e54a7 (webtiles) character file.

181727 Mvbhfdvhfcksjkasc the Imperceptible (level 17, -2/90 HPs)
             Began as a Spriggan Enchanter on Dec 7, 2018.
             Was the Champion of Dithmenos.
             Slain by a frost giant
             ... wielding a +2 battleaxe of freezing
              (33 damage)
             ... on level 2 of the Depths.
             The game lasted 01:20:19 (35424 turns).

Mvbhfdvhfcksjkasc the Imperceptible (SpEn)         Turns: 35424, Time: 01:20:19

Health: -2/90      AC:  8    Str: 12    XL:     17   Next: 68%
Magic:  0/45       EV: 32    Int: 23    God:    Dithmenos [******]
Gold:   901        SH:  0    Dex: 18    Spells: 26/45 levels left

rFire    + + .     SeeInvis +   V - +4 rapier (elec)
rCold    + . .     Gourm    .   (shield restricted)
rNeg     + . .     Faith    .   H - +1 robe of Juceupn {Int+5 Slay+3}
rPois    +         Spirit   +   v - +2 hat of the Bear Spirit {Spirit, +Rage rN+ MR++}
rElec    .         Reflect  .   W - +2 cloak {rPois}
rCorr    .         Harm     .   (gloves unavailable)
MR       ++++.                  (boots unavailable)
Stlth    ++++++++++             (no amulet)
HPRegen  0.25/turn              u - ring of magical power
MPRegen  0.29/turn              p - ring "Yviem" {rC+ Str+4 Slay+6}

@: very slightly contaminated, wreathed by umbra, invisible, very quick
A: very small, unfitting armour, talons 1, see invisible, fire resistance 2,
herbivore, speed 3, slow metabolism 2, subdued magic 1
a: Shadow Step, Shadow Form, Renounce Religion, Evoke Berserk Rage


You were on level 2 of the Depths.
You worshipped Dithmenos.
Dithmenos was exalted by your worship.
You were not hungry.

You visited 6 branches of the dungeon, and saw 29 of its levels.
You also visited: Bailey and Volcano.

You collected 3886 gold pieces.
You spent 2985 gold pieces at shops.

Inventory:

Hand Weapons
 M - a +2 rapier of flaming
 V - a +4 rapier of electrocution (weapon)
Missiles
 y - a throwing net (quivered)
Armour
 v - the +2 hat of the Bear Spirit (worn) {Spirit, +Rage rN+ MR++}
   (You found it in a bailey)

   It protects you from negative energy.
   It affects your resistance to hostile enchantments.
   It lets you go berserk.
 H - the +1 robe of Juceupn (worn) {Int+5 Slay+3}
   (You found it on level 4 of the Lair of Beasts)

   It affects your intelligence (+5).
   It affects your accuracy and damage with ranged weapons and melee attacks
   (+3).
 W - a +2 cloak of poison resistance (worn)
Jewellery
 p - the ring "Yviem" (right hand) {rC+ Str+4 Slay+6}
   (You bought it in a shop on level 5 of the Dungeon)

   [ring of strength]

   It affects your strength (+4).
   It affects your accuracy and damage with ranged weapons and melee attacks
   (+6).
   It protects you from cold.
 u - a ring of magical power (left hand)
 X - an uncursed ring of poison resistance {unknown}
Wands
 e - a wand of iceblast (8)
 n - a wand of disintegration (25)
 D - a wand of flame (43)
 I - a wand of enslavement (10)
 T - a wand of paralysis (13)
Scrolls
 b - a scroll of blinking
 c - a scroll of enchant armour
 j - 7 scrolls of amnesia
 k - 7 scrolls of remove curse
 o - 6 scrolls of teleportation
 E - 4 scrolls of vulnerability
 K - 2 scrolls of fog
 Q - 3 scrolls of holy word
 R - 2 scrolls of magic mapping
 S - 3 scrolls of summoning
 U - 5 scrolls of identify
Potions
 f - 12 potions of curing
 g - 6 potions of agility
 m - 5 potions of resistance
 q - a potion of cancellation
 r - 4 potions of heal wounds
 x - 3 potions of mutation
 A - 3 potions of brilliance
 B - a potion of magic
 C - 2 potions of flight
 J - 3 potions of berserk rage
 L - 2 potions of might
 N - 2 potions of ambrosia
 O - 2 potions of haste
Miscellaneous
 a - a sack of spiders
 s - a box of beasts
 F - 2 phantom mirrors
Comestibles
 d - 28 rations


   Skills:
 + Level 10.3 Fighting
 + Level 12.9 Short Blades
 + Level 16.3 Dodging
 + Level 21.5 Stealth
 + Level 14.6 Spellcasting
 * Level 17.8 Hexes
 - Level 8.0 Evocations


You had 26 spell levels left.
You knew the following spells:

 Your Spells              Type           Power        Failure   Level  Hunger
a - Ensorcelled Hibernat  Hex/Ice        #####.       1%          2    None
b - Corona                Hex            ######.      0%          1    None
c - Confuse               Hex            ######..     0%          3    None
d - Tukima's Dance        Hex            ######..     0%          3    None
e - Dazzling Spray        Conj/Hex       #####.       1%          3    None
f - Apportation           Tloc           ##....       2%          1    None
h - Invisibility          Hex            ######..     1%          6    #####..

Your spell library contained the following spells:

 Spells                   Type           Power        Failure   Level  Hunger
 Animate Skeleton         Necr           N/A          2%          1    None
 Pain                     Necr           ##..         2%          1    None
 Summon Butterflies       Summ           ##......     2%          1    None
 Lesser Beckoning         Tloc           ##........   9%          3    None
 Recall                   Summ/Tloc      N/A          9%          3    None
 Regeneration             Chrm/Necr      ##........   9%          3    None
 Vampiric Draining        Necr           ##........   9%          3    None
 Animate Dead             Necr           N/A          30%         4    None
 Alistair's Intoxication  Tmut/Pois      ##......     63%         5    ###....
 Borgnjor's Vile Clutch   Necr/Erth      ##........   63%         5    ###....
 Death Channel            Necr           ##........   99%         6    #####..
 Simulacrum               Ice/Necr       ##........   99%         6    #####..


Dungeon Overview and Level Annotations

Branches:
Dungeon (15/15)            Temple (1/1) D:4            Lair (6/6) D:8
 Shoals (0/4) Lair:2        Snake (0/4) Lair:2        Slime (0/5) Lair:6
    Orc (2/2) D:12            Elf (3/3) Orc:2        Vaults (0/5) D:13
 Depths (2/5) D:15

Altars:
Ashenzari
Cheibriados
Dithmenos
Elyvilon
Fedhas
Gozag
Hepliaklqana
Kikubaaqudgha
Makhleb
Nemelex Xobeh
Okawaru
Qazlal
Ru
Sif Muna
Trog
Uskayaw
Vehumet
Wu Jian
Xom
Yredelemnul
Zin
The Shining One
Beogh

Shops:
D:5 =   D:8 %   D:15 !   Orc:1 }   Orc:2 (?*   Depths:2 *

Portals:
Hell: Depths:1

Annotations:
D:8 2 transporters, Niere's ghost, novice DsSk
Elf:3 4 exclusions
Depths:2 2 runed doors


Innate Abilities, Weirdness & Mutations

You are very small and have problems with some larger weapons.
You are too small for most types of armour.
You have supernaturally acute eyesight. (SInv)
You are a herbivore.
You cover ground extremely quickly.
You need to consume almost no food.
You have sharp toenails.
Your flesh is very heat resistant. (rF++)
Your spells are a little easier to cast, but a little less powerful.


Message History

You don't have enough magic to cast that spell.
Unknown command.
Evoke which item? (* to show all) (? for menu, Esc to quit)
Aiming: Throw Flame
Press: ? - help, Shift-Dir - straight line, f/p - frost giant
Aim: a frost giant, wielding a +2 battleaxe of freezing (black smoke, severely The puff of flame hits the frost giant.
The frost giant is severely wounded.
The frost giant grins madly.
The frost giant barely misses something.
Evoke which item? (* to show all) (? for menu, Esc to quit)
Aiming: Cloud Cone
Press: ? - help, Dir - move target cursor, f/p - frost giant
Aim: a frost giant, wielding a +2 battleaxe of freezing (black smoke, severely You create a blast of flame!
The now-empty wand crumbles to dust.
You puncture the frost giant! You claw the frost giant.
The frost giant is severely wounded.
Your shadow hits the frost giant but does no damage.
The frost giant hits you with a +2 battleaxe of freezing!!
You die...

#...# # %...##
.## ....# ....
#... #.... .##
#######..##....#
..##
.........#.....#
...# ###......#
..# #§§#.....#
..# ##
#@##)..###
..###...
#C##.####
......#
#C##....## ###
<....#
C§§§#.....###
##..# ....##
§#§##.......#
#.... ..###
#.#.##.##.....
#..< ### #
#.##.# .....
#... # #..#.#
##.. ###. ####.#
.. ##


You could see a frost giant (confused) and a fire giant.

Vanquished Creatures
  Saint Roka (Elf:2)
  Nikola (Elf:2)
  A deep elf blademaster (Elf:2)
  A titan (Depths:1)
  3 fire giants
  A frost giant (Depths:2)
  A juggernaut zombie (Depths:2)
  A deep elf sorcerer (Elf:3)
  A very ugly thing (Depths:2)
  2 stone giants
  A dire elephant (Lair:6)
  2 ettins
  A deep elf death mage (Elf:3)
  A deep elf high priest (Elf:3)
  A yaktaur captain (D:15)
  4 vault guards (D:13)
  2 great orbs of eyes (Depths:1)
  8 hydras
  A catoblepas (Lair:6)
  2 ice dragons
  3 centaur warriors
  3 ogre magi
  20 two-headed ogres
  24 dancing weapons
  3 death yaks (Lair:6)
  5 tengu warriors
  2 deep troll shamans
  2 deep troll earth magi (Depths:1)
  A spriggan berserker (Depths:2)
  Urug (Orc:2)
  9 orc high priests
  Sonja (Lair:6)
  A hell hog (Volcano)
  17 deep elf knights
  5 skeletal warriors
  An iron troll (Depths:1)
  8 unseen horrors
  A golden dragon zombie (Depths:2)
  A wizard (D:14)
  A deep troll (Depths:1)
  6 orc knights
  A flayed ghost (D:13)
  Pikel (D:6)
  A necromancer (Depths:2)
  18 deep elf archers
  An orc sorcerer (Orc:2)
  15 ugly things
  2 cyclopes
  A salamander (Volcano)
  39 deep elf magi
  16 elephants
  An iron dragon skeleton (Depths:2)
  A rust devil (Depths:1)
  A frost giant skeleton (Depths:2)
  6 black mambas
  2 gargoyles
  5 centaur skeletons
  10 spiny frogs
  3 komodo dragons
  A rime drake (Lair:1)
  A rime drake (shapeshifter) (Depths:1)
  3 yaktaurs
  2 tengu conjurers
  A spark wasp simulacrum (Depths:2)
  6 trolls
  A jumping spider (shapeshifter) (Elf:2)
  A wind drake (shapeshifter) (Elf:2)
  2 polar bears (Lair:6)
  10 blink frogs
  11 slime creatures
  10 hippogriffs
  An air elemental (Elf:2)
  A shadow (D:14)
  3 water elementals
  31 yaks
  Sigmund (D:2)
  5 basilisks
  4 fire elementals
  3 hogs (D:7)
  Eustachio (D:5)
  A human (D:7)
  4 wyverns
  2 steam dragons
  4 hungry ghosts
  A fire bat (Volcano)
  7 vampire mosquitoes (D:13)
  4 wargs
  A soldier ant (shapeshifter) (D:14)
  2 hell hounds (Volcano)
  A soldier ant (D:14)
  12 water moccasins
  6 porcupines
  51 orc warriors
  2 sky beasts
  2 black bears
  Duvessa (D:4)
  An eye of draining (D:15)
  3 phantoms
  3 ice beasts
  16 ogres
  5 wolves (Lair:6)
  17 centaurs
  10 crocodiles
  Blork the orc (D:5)
  4 big kobolds
  18 bullfrogs
  2 earth elementals
  A wyvern skeleton (D:7)
  A wyvern zombie (D:10)
  Dowan (D:4)
  6 scorpions
  15 killer bees
  9 wights (D:15)
  2 electric eels (Lair:2)
  A howler monkey (D:11)
  9 crimson imps
  A bullfrog zombie (D:12)
  4 centaur zombies
  9 hounds
  14 jellies
  36 orc priests
  A gnoll shaman (D:10)
  3 iguanas
  30 orc wizards
  Crazy Yiuf (D:6)
  A bullfrog skeleton (D:4)
  11 worker ants
  Natasha (thrice) (D:4)
  A hound zombie (D:5)
  A howler monkey skeleton (D:9)
  9 gnolls
  26 adders
  2 shadow imps
  3 oozes
  5 adder skeletons
  2 worms
  2 dart slugs
  4 leopard geckos
  114 orcs
  6 bats
  7 giant cockroaches
  12 goblins
  17 hobgoblins
  14 jackals
  4 quokkas
  7 ball pythons
  5 frilled lizards
  3 jackal skeletons
  A jackal zombie (D:7)
  46 kobolds
  A leopard gecko skeleton (D:4)
  A leopard gecko zombie (D:6)
  3 quokka zombies
  9 rats
  A butterfly (Lair:6)
1020 creatures vanquished.

Vanquished Creatures (collateral kills)
  Edmund (D:6)
  An orc warrior (D:10)
  3 gnolls
  2 orcs
7 creatures vanquished.

Vanquished Creatures (others)
  A deep elf mage (Elf:2)
  2 dancing weapons
  2 centaurs (Volcano)
  2 orc priests (Orc:2)
  An orc wizard (Elf:2)
  6 orcs
  3 fungi
  3 plants (Lair:6)
20 creatures vanquished.

Grand Total: 1047 creatures vanquished

Notes
Turn   | Place    | Note
-------+----------+-------------------------------------------
     0 | D:1      | Mvbhfdvhfcksjkasc the Spriggan Enchanter began the quest
                  | for the Orb.
     0 | D:1      | Reached XP level 1. HP: 9/9 MP: 5/5
   174 | D:1      | Reached XP level 2. HP: 13/13 MP: 7/7
   226 | D:1      | Learned a level 2 spell: Ensorcelled Hibernation
   748 | D:1      | Reached XP level 3. HP: 16/16 MP: 9/9
   753 | D:1      | Learned a level 3 spell: Confuse
   757 | D:1      | Learned a level 3 spell: Tukima's Dance
  1228 | D:2      | Noticed Sigmund
  1245 | D:2      | Killed Sigmund
  1245 | D:2      | Reached skill level 5 in Spellcasting
  1245 | D:2      | Reached skill level 5 in Hexes
  1245 | D:2      | Reached XP level 4. HP: 20/21 MP: 8/12
  1245 | D:2      | Reached XP level 5. HP: 23/24 MP: 8/13
  1436 | D:2      | Learned a level 3 spell: Dazzling Spray
  1445 | D:2      | Reached skill level 5 in Stealth
  1695 | D:2      | Reached skill level 6 in Stealth
  1739 | D:2      | Reached XP level 6. HP: 28/28 MP: 14/14
  2741 | D:3      | Reached skill level 7 in Stealth
  3098 | D:3      | Reached skill level 8 in Stealth
  3956 | D:4      | Noticed Natasha
  3963 | D:4      | Killed Natasha
  4046 | D:4      | Reached skill level 9 in Stealth
  4046 | D:4      | Reached XP level 7. HP: 32/32 MP: 15/15
  4198 | D:4      | Noticed Natasha
  4206 | D:4      | Killed Natasha
  4431 | D:4      | Found a staircase to the Ecumenical Temple.
  4432 | D:4      | Noticed Dowan
  4434 | D:4      | Noticed Duvessa
  4441 | Temple   | Entered the Ecumenical Temple
  4549 | Temple   | Became a worshipper of Dithmenos the Shadowed
  4829 | D:4      | Killed Duvessa
  4829 | D:4      | Reached skill level 10 in Stealth
  4842 | D:4      | Killed Dowan
  5151 | D:4      | Noticed Natasha
  5162 | D:4      | Killed Natasha
  5162 | D:4      | Reached skill level 11 in Stealth
  5920 | D:5      | Entered Level 5 of the Dungeon
  5924 | D:5      | Reached skill level 12 in Stealth
  5924 | D:5      | Reached XP level 8. HP: 36/36 MP: 16/16
  5935 | D:5      | Found an opulent altar of Gozag.
  6048 | D:5      | Found Qepsu's Jewellery Shop.
  6052 | D:5      | Noticed Eustachio
  6081 | D:5      | Killed Eustachio
  6081 | D:5      | Reached skill level 13 in Stealth
  6201 | D:5      | Noticed Blork the orc
  6213 | D:5      | Killed Blork the orc
  6213 | D:5      | Reached * piety under Dithmenos
  6491 | D:5      | Reached skill level 14 in Stealth
  7108 | D:6      | Reached skill level 15 in Stealth
  7162 | D:6      | Noticed Edmund
  7177 | D:6      | Killed Edmund
  7321 | D:6      | Noticed Pikel
  7331 | D:6      | Killed Pikel
  7331 | D:6      | Reached skill level 1 in Fighting
  7331 | D:6      | Reached XP level 9. HP: 38/41 MP: 12/18
  7743 | D:6      | Found a runed door.
  7747 | D:6      | Noticed Crazy Yiuf
  7751 | D:6      | Killed Crazy Yiuf
  7779 | D:7      | Reached ** piety under Dithmenos
  8277 | D:7      | Reached skill level 5 in Dodging
  8569 | D:7      | Reached XP level 10. HP: 48/48 MP: 14/21
  9042 | D:8      | Found Riurirr's Food Shop.
  9252 | D:8      | Found a staircase to the Lair.
  9279 | D:8      | Found a transporter.
  9283 | D:8      | Found a transporter.
  9284 | D:8      | Noticed Niere's ghost (novice DsSk)
  9918 | D:9      | Reached *** piety under Dithmenos
  9978 | D:9      | Reached skill level 16 in Stealth
 10060 | D:9      | Found a flagged portal.
 10083 | Bailey   | Entered a bailey
 10645 | Bailey   | Noticed an orc knight
 10646 | Bailey   | Found the +2 hat of the Bear Spirit {Spirit, +Rage rN+
                  | MR++}
 10662 | Bailey   | Killed an orc knight
 10736 | Bailey   | Found a burning altar of Makhleb.
 11474 | D:9      | Reached **** piety under Dithmenos
 11628 | D:9      | Reached skill level 5 in Short Blades
 12251 | D:10     | Entered Level 10 of the Dungeon
 12847 | D:5      | Bought the ring "Yviem" {rC+ Str+4 Slay+6} for 926 gold
                  | pieces
 13515 | D:11     | Noticed a purple ugly thing
 13537 | D:11     | Killed a purple ugly thing
 13655 | D:11     | Noticed a brown ugly thing
 13681 | D:11     | Reached XP level 11. HP: 34/53 MP: 15/24
 13688 | D:11     | Killed a brown ugly thing
 14227 | D:12     | Reached ***** piety under Dithmenos
 14448 | D:12     | Found a staircase to the Orcish Mines.
 14504 | D:12     | Noticed an unseen horror
 14531 | D:12     | Killed an unseen horror
 14796 | D:12     | Noticed an unseen horror
 14801 | D:12     | Killed an unseen horror
 14801 | D:12     | Reached skill level 17 in Stealth
 14843 | D:12     | Reached skill level 5 in Fighting
 14915 | D:12     | Noticed a two-headed ogre
 14919 | D:12     | Killed a two-headed ogre
 14922 | D:12     | Noticed an unseen horror
 14924 | D:12     | Noticed a two-headed ogre
 14929 | D:12     | Killed an unseen horror
 14932 | D:12     | Killed a two-headed ogre
 15199 | D:12     | Noticed a brown ugly thing
 15206 | D:12     | Killed a brown ugly thing
 15254 | D:13     | Found a gate to the Vaults.
 15254 | D:13     | Noticed a vault guard
 15254 | D:13     | Noticed a vault guard
 15254 | D:13     | Noticed a vault guard
 15254 | D:13     | Noticed a white ugly thing
 15255 | D:13     | Noticed a vault guard
 15255 | D:13     | Noticed an unseen horror
 15275 | D:13     | Killed an unseen horror
 15278 | D:13     | Killed a white ugly thing
 15288 | D:13     | Reached XP level 12. HP: 52/60 MP: 25/26
 15295 | D:13     | Killed a vault guard
 15295 | D:13     | Reached skill level 10 in Hexes
 15305 | D:13     | Killed a vault guard
 15305 | D:13     | Reached skill level 10 in Dodging
 15316 | D:13     | Killed a vault guard
 15332 | D:13     | Noticed a tengu warrior
 15335 | D:13     | Killed a tengu warrior
 15632 | D:13     | Killed a vault guard
 15632 | D:13     | Reached skill level 10 in Spellcasting
 15824 | D:13     | Found a shimmering altar of Xom.
 15960 | D:13     | Noticed a centaur warrior
 15966 | D:13     | Noticed a tengu warrior
 15984 | D:13     | Killed a centaur warrior
 16018 | D:13     | Killed a tengu warrior
 16018 | D:13     | Reached skill level 18 in Stealth
 16168 | D:13     | Identified a scroll of acquirement
 16501 | D:14     | Reached ****** piety under Dithmenos
 16506 | D:14     | Noticed a two-headed ogre
 16514 | D:14     | Killed a two-headed ogre
 16514 | D:14     | Reached XP level 13. HP: 66/66 MP: 28/28
 18278 | Lair:1   | Entered Level 1 of the Lair of Beasts
 19039 | Lair:2   | Found a staircase to the Shoals.
 19049 | Lair:2   | Found a staircase to the Snake Pit.
 19070 | Lair:2   | Reached skill level 1 in Evocations
 20326 | Lair:3   | Gained mutation: You are robust. (+10% HP) [potion of
                  | mutation]
 20326 | Lair:3   | Gained mutation: You occasionally shout uncontrollably at
                  | your foes. [potion of mutation]
 20326 | Lair:3   | Gained mutation: Your muscles are strong. (Str +2) [potion
                  | of mutation]
 20327 | Lair:3   | Lost mutation: Your muscles are strong. (Str +2) [potion of
                  | mutation]
 20327 | Lair:3   | Lost mutation: You are robust. (+10% HP) [potion of
                  | mutation]
 20327 | Lair:3   | Lost mutation: You occasionally shout uncontrollably at
                  | your foes. [potion of mutation]
 20327 | Lair:3   | Gained mutation: Your flesh is heat resistant. (rF+)
                  | [potion of mutation]
 20327 | Lair:3   | Gained mutation: You have sharp toenails. [potion of
                  | mutation]
 20327 | Lair:3   | Gained mutation: Your spells are a little easier to cast,
                  | but a little less powerful. [potion of mutation]
 20327 | Lair:3   | Gained mutation: Your flesh is very heat resistant. (rF++)
                  | [potion of mutation]
 20658 | Lair:3   | Found a dark tunnel.
 20668 | Volcano  | Entered a volcano
 21290 | Lair:4   | Got a fabulously ornate robe
 21291 | Lair:4   | Identified the cursed +1 robe of Juceupn {Int+5 Slay+3}
                  | (You found it on level 4 of the Lair of Beasts)
 21603 | Lair:4   | Reached XP level 14. HP: 71/72 MP: 30/30
 21836 | Lair:5   | Reached skill level 19 in Stealth
 22692 | Lair:6   | Entered Level 6 of the Lair of Beasts
 22703 | Lair:6   | Noticed Sonja
 22866 | Lair:6   | Reached skill level 10 in Short Blades
 22911 | Lair:6   | Learned a level 6 spell: Invisibility
 22917 | Lair:6   | Killed Sonja
 23762 | Lair:6   | Found a staircase to the Slime Pits.
 23768 | Lair:6   | Reached skill level 5 in Evocations
 24361 | Lair:6   | Got a twitching copper ring
 24363 | Lair:6   | Identified the ring of Impatience {rC+ rN+ Int+5 Slay-3}
                  | (You found it on level 6 of the Lair of Beasts)
 24790 | Orc:1    | Entered Level 1 of the Orcish Mines
 25174 | Orc:1    | Found Beast's Gadget Shoppe.
 25386 | Orc:1    | Found a roughly hewn altar of Beogh.
 25443 | Orc:2    | Entered Level 2 of the Orcish Mines
 25492 | Orc:2    | Found a staircase to the Elven Halls.
 25522 | Orc:2    | Noticed Urug
 25525 | Orc:2    | Killed Urug
 25541 | Orc:2    | Reached XP level 15. HP: 67/77 MP: 28/32
 26727 | Orc:2    | Found Laxzyoth's Assorted Antiques.
 26727 | Orc:2    | Found Dunul's Food Boutique.
 26728 | Orc:2    | Found Ukao's Antique Weapon Boutique.
 26728 | Orc:2    | Found Nafut's Magic Scroll Shop.
 26876 | Orc:2    | Bought a scroll of magic mapping for 49 gold pieces
 26876 | Orc:2    | Bought a scroll of immolation for 49 gold pieces
 26880 | Orc:2    | Bought a thick robe for 159 gold pieces
 26886 | Orc:2    | Bought a scroll of identify for 28 gold pieces
 26886 | Orc:2    | Bought a scroll of identify for 28 gold pieces
 26886 | Orc:2    | Bought a scroll of identify for 28 gold pieces
 26886 | Orc:2    | Bought a scroll of identify for 28 gold pieces
 26886 | Orc:2    | Bought a scroll of identify for 28 gold pieces
 26887 | Orc:2    | Identified the +1 robe "Qeekhl Pusi" {rN+ Str+4} (You
                  | bought it in a shop on level 2 of the Orcish Mines)
 26949 | Elf:1    | Entered Level 1 of the Elven Halls
 27272 | Elf:1    | Reached skill level 15 in Hexes
 27280 | Elf:1    | Reached skill level 20 in Stealth
 28015 | Elf:1    | You fall through a shaft!
 28041 | Elf:2    | Noticed Nikola
 28054 | Elf:2    | Killed Nikola
 28399 | Elf:2    | Noticed a deep elf blademaster
 28399 | Elf:2    | Noticed Saint Roka
 28424 | Elf:2    | Reached XP level 16. HP: 84/84 MP: 34/34
 28431 | Elf:2    | Killed a deep elf blademaster
 28434 | Elf:2    | Killed Saint Roka
 28869 | Elf:2    | Found a runed gate.
 28869 | Elf:2    | Found a runed gate.
 28870 | Elf:2    | Found a runed gate.
 29376 | Elf:2    | Reached skill level 15 in Dodging
 30265 | Elf:1    | Learned a level 1 spell: Apportation
 30329 | Elf:3    | Entered Level 3 of the Elven Halls
 31638 | Orc:2    | Bought a ration for 50 gold pieces
 31638 | Orc:2    | Bought a ration for 50 gold pieces
 31638 | Orc:2    | Bought a ration for 50 gold pieces
 31638 | Orc:2    | Bought a ration for 50 gold pieces
 31638 | Orc:2    | Bought a ration for 50 gold pieces
 31638 | Orc:2    | Bought a ration for 50 gold pieces
 31638 | Orc:2    | Bought a ration for 50 gold pieces
 31638 | Orc:2    | Bought a ration for 50 gold pieces
 31638 | Orc:2    | Bought a ration for 50 gold pieces
 31638 | Orc:2    | Bought a ration for 50 gold pieces
 31736 | D:15     | Entered Level 15 of the Dungeon
 31901 | D:15     | Reached skill level 21 in Stealth
 32409 | Orc:2    | Bought a scroll of enchant weapon for 210 gold pieces
 32594 | D:15     | Reached XP level 17. HP: 88/88 MP: 36/36
 32965 | D:15     | Found a staircase to the Depths.
 33098 | D:15     | Found Hocsunli's Distillery.
 33107 | D:15     | Bought 2 potions of curing for 108 gold pieces
 33107 | D:15     | Bought a potion of curing for 54 gold pieces
 33107 | D:15     | Bought a potion of mutation for 144 gold pieces
 33107 | D:15     | Bought a potion of berserk rage for 90 gold pieces
 33107 | D:15     | Bought 2 potions of mutation for 288 gold pieces
 33107 | D:15     | Bought a potion of might for 72 gold pieces
 33107 | D:15     | Bought a potion of brilliance for 72 gold pieces
 33107 | D:15     | Bought a potion of agility for 72 gold pieces
 33544 | Depths:1 | Entered Level 1 of the Depths
 33775 | Depths:1 | Reached skill level 10 in Fighting
 34146 | Depths:1 | Noticed a titan
 34149 | Depths:1 | Killed a titan
 34390 | Depths:1 | Found a gateway to Hell.
 34859 | Depths:2 | Found Mophivmont's Merry Market.
 34864 | Depths:2 | Bought a scroll of magic mapping for 52 gold pieces
 35356 | Depths:2 | Found a runed door.
 35356 | Depths:2 | Found a runed door.
 35356 | Depths:2 | Noticed a juggernaut
 35424 | Depths:2 | Slain by a frost giant

Vault maps used:
D:1:      evilmike_arrival_run_for_it, minivault_11, minmay_misc_feat_pillars
D:2:      st_stairs_14, uniq_sigmund
D:4:      minmay_temple_entry_large_hall, first_ration, uniq_natasha,
          uniq_duvessa
D:5:      grunt_gozag_breadcrumbs, serial_shops, shop,
          hangedman_decor_slide_cut, uniq_blork_the_orc, uniq_eustachio
D:6:      uniq_crazy_yiuf_cottage, uniq_pikel, uniq_edmund
D:7:      grunt_livestock, st_stairs_11
D:8:      lemuel_ice_spiral_2, dpeg_oklobed_lair, serial_shops, shop_statue,
          gammafunk_ghost_hive
D:9:      enter_bailey_6
D:12:     david_orc_2
D:13:     lightli_vaults_fourway_checkpoint, basic_altar, minivault_20
D:14:     kennysheep_nub, st_stairs_10
D:15:     grunt_enter_depths_snipers, interstate_on_off, serial_shops,
          shop_fountains
Temple:   kilobyte_greek_temple
Lair:1:   grunt_megastairs_2
Lair:2:   elwin_shoals_entry_rocks, minmay_snake_entry_six_corridors,
          st_stairs_8, serial_bayou_shore_a
Lair:3:   lightli_volcano_entry_magma_tube, hangedman_lair_unloving_vines,
          grunt_forest_stairs_basic
Lair:4:   grunt_megastairs_5
Lair:6:   grunt_lair_end_beastmaster, minmay_slime_entry_jelly_boxes,
          lemuel_fruit_fields, uniq_sonja
Orc:1:    serial_shops, nicolae_shop_behind_doors, david_defended_altar_orc
Orc:2:    st_orc_pillars, uniq_urug
Elf:1:    kilobyte_mutagenic_chamber
Elf:2:    uniq_saint_roka, uniq_nikola
Elf:3:    elf_hall_gauntlet_narrow
Depths:1: grunt_hell_entry_dis_old, chequers_serial_rivers_room_b,
          lightli_minifort, serial_bayou_shore_b
Depths:2: minmay_the_grid_triangle_9x9_recursive_2, grunt_decor_mini_mirrors,
          hell_entry, nicolae_alphabet_shops,
          minmay_guarded_unrand_vampires_tooth, infiniplex_staircase_9_rooms
Bailey:   bailey_axe_3, bailey
Volcano:  volcano_village

Skill      XL: |  1  2  3  4  5  6  7  8  9 10 11 12 13 14 15 16 17 |
---------------+----------------------------------------------------+-----
Spellcasting   | 3 5 6 8 9 10 11 12 13 14 | 14.6
Hexes          | 4 5 6 7 8 9 11 12 14 15 16 17 | 17.8
Stealth        | 6 9 12 15 16 17 18 19 20 21 | 21.5
Fighting       | 1 2 4 5 6 7 8 9 10 | 10.3
Short Blades   | 2 3 5 7 8 9 10 11 12 | 12.9
Dodging        | 4 5 7 9 11 12 13 14 15 16 | 16.3
Evocations     | 2 6 8 |  8.0

Action                   |  1- 3 |  4- 6 |  7- 9 | 10-12 | 13-15 | 16-18 || total
-------------------------+-------+-------+-------+-------+-------+-------++-------
Melee: Dagger            |    72 |   146 |   278 |   674 |   834 |       ||  2004
       Kick              |       |       |       |       |   190 |    81 ||   271
       Rapier            |       |       |       |       |    16 |   306 ||   322
Throw: Tomahawk          |     6 |       |       |       |       |       ||     6
 Cast: Ensorcelled Hiber |     4 |     9 |    30 |    31 |    39 |     1 ||   114
       Confuse           |     1 |     1 |    20 |    48 |    47 |    12 ||   129
       Dazzling Spray    |       |     5 |     1 |     8 |    11 |     7 ||    32
       Tukima's Dance    |       |       |     2 |     8 |     3 |       ||    13
       Invisibility      |       |       |       |       |    18 |    16 ||    34
Invok: Shadow Step       |       |       |       |       |     5 |     5 ||    10
Evoke: Wand              |       |       |       |       |     4 |     2 ||     6
  Use: Scroll            |     3 |     4 |     8 |     7 |    22 |     2 ||    46
       Potion            |       |       |     2 |     3 |     3 |     4 ||    12
 Stab: Sleeping          |     7 |    25 |    42 |    75 |   149 |    73 ||   371
       Invisible         |       |     2 |     7 |     5 |    91 |    55 ||   160
       Confused          |       |     1 |    11 |    20 |    15 |     5 ||    52
       Distracted        |       |       |     1 |     7 |    12 |     1 ||    21
       Petrified         |       |       |       |       |     1 |       ||     1
  Eat: Ration            |       |     1 |     3 |     5 |    10 |     6 ||    25
Armor: Robe              |     6 |    11 |    15 |    48 |    46 |     7 ||   133
Dodge: Dodged            |    52 |    84 |   207 |   689 |   583 |   151 ||  1766

Table legend:
 A = Non-vault XP
 B = Vault XP
 C = Vault XP percentage of total XP
 D = Non-vault monster count
 E = Vault monster count
 F = Vault count percentage of total count
                 A         B        C        D         E       F
            +---------+---------+-------+---------+---------+-------
      Total |  185449 |   81369 |  30.5 |     802 |     227 |  22.1
            +---------+---------+-------+---------+---------+-------
        D:1 |      53 |       5 |   8.6 |      30 |       1 |   3.2
        D:2 |     119 |     215 |  64.4 |      32 |       3 |   8.6
        D:3 |     213 |       0 |   0.0 |      31 |       0 |   0.0
        D:4 |     434 |     241 |  35.7 |      20 |       3 |  13.0
        D:5 |     539 |     303 |  36.0 |      25 |       2 |   7.4
        D:6 |     589 |     841 |  58.8 |      21 |       3 |  12.5
        D:7 |     933 |    1090 |  53.9 |      25 |       6 |  19.4
        D:8 |     424 |       0 |   0.0 |      12 |       0 |   0.0
        D:9 |    1855 |       0 |   0.0 |      40 |       0 |   0.0
       D:10 |    1447 |       0 |   0.0 |      27 |       0 |   0.0
       D:11 |    3221 |       0 |   0.0 |      28 |       0 |   0.0
       D:12 |    6820 |     147 |   2.1 |      34 |       7 |  17.1
       D:13 |    8172 |    6865 |  45.7 |      44 |      13 |  22.8
       D:14 |   12874 |    1786 |  12.2 |      44 |       5 |  10.2
       D:15 |   14705 |    2348 |  13.8 |      44 |       3 |   6.4
     Temple |       3 |       0 |   0.0 |       1 |       0 |   0.0
     Lair:1 |    3235 |     255 |   7.3 |      11 |       1 |   8.3
     Lair:2 |    1744 |    1784 |  50.6 |      10 |      17 |  63.0
     Lair:3 |    1690 |       0 |   0.0 |       9 |       0 |   0.0
     Lair:4 |    3963 |     374 |   8.6 |      13 |       2 |  13.3
     Lair:5 |    6571 |       0 |   0.0 |      22 |       0 |   0.0
     Lair:6 |   12939 |   10535 |  44.9 |      38 |      34 |  47.2
      Orc:1 |    5383 |     123 |   2.2 |      53 |       3 |   5.4
      Orc:2 |   12267 |   10336 |  45.7 |      59 |      54 |  47.8
      Elf:1 |   13733 |       0 |   0.0 |      24 |       0 |   0.0
      Elf:2 |   16853 |   34478 |  67.2 |      34 |      42 |  55.3
      Elf:3 |   19972 |       0 |   0.0 |      29 |       0 |   0.0
   Depths:1 |   14745 |    2877 |  16.3 |      18 |       2 |  10.0
   Depths:2 |   19953 |    3695 |  15.6 |      24 |       3 |  11.1
     Bailey |       0 |    1003 | 100.0 |       0 |      16 | 100.0
    Volcano |       0 |    2068 | 100.0 |       0 |       7 | 100.0
            +---------+---------+-------+---------+---------+-------
